 Dungeon Crawl Stone Soup version 0.30-a0-726-gd89dcf765f (webtiles) character file.

Game seed: 465712086830100923

71 hikkokomori the Ducker (level 4, -3/35 HPs)
             Began as a Human Gladiator on Jan 30, 2023.
             Slain by a black bear (4 damage)
             ... on level 3 of the Dungeon.
             The game lasted 00:02:52 (1659 turns).

hikkokomori the Ducker (Human Gladiator)            Turns: 1659, Time: 00:02:52

Health: -3/35      AC:  4    Str: 14    XL:     4   Next: 47%
Magic:  4/4        EV: 13    Int:  9    God:
Gold:   13         SH:  0    Dex: 16    Spells: 0/3 levels left

rFire   . . .      SeeInvis .    a - +0 long sword
rCold   . . .      Faith    .    (no shield)
rNeg    . . .      Spirit   .    b - +0 leather armour
rPois   .          Reflect  .    c - +0 helmet
rElec   .          Harm     .    l - scarf {+Inv}
rCorr   .          Rampage  .    (no gloves)
Will    .....                    (no boots)
Stlth   +                        (no amulet)
HPRegen 0.25/turn                (no ring)
MPRegen 0.09/turn                (no ring)

@: no status effects
A: no striking features
a: Evoke Invisibility


You were on level 3 of the Dungeon.
You visited 1 branch of the dungeon, and saw 3 of its levels.

You collected 55 gold pieces.
You spent 42 gold pieces at shops.

Inventory:

Hand Weapons
 a - a +0 long sword (weapon)
Missiles
 d - 3 throwing nets (quivered)
 e - a javelin
Armour
 b - a +0 leather armour (worn)
 c - a +0 helmet (worn)
 l - a scarf of invisibility (worn)
Jewellery
 g - an amulet of the acrobat
Wands
 q - a wand of charming (7)
Scrolls
 h - a scroll of brand weapon {unknown}
Potions
 f - a potion of flight {unknown}
 i - a potion of might {unknown}
 k - a potion of mutation {unknown}
 m - a potion of heal wounds {unknown}
 r - a potion of curing


   Skills:
 + Level 3.0 Fighting
 + Level 3.7 Long Blades
 - Level 2.0 Throwing
 + Level 3.7 Dodging
 + Level 0.1 Ice Magic


You couldn't memorise any spells.
You knew the following spells:

 Your Spells              Type           Power      Damage    Failure   Level
a - Frozen Ramparts       Ice            0%         1d1       83%         3

Your spell library contained the following spells:

 Spells                   Type           Power      Damage    Failure   Level
 Freeze                   Ice            0%         1d3       45%         1
 Magic Dart               Conj           0%         1d3       45%         1
 Searing Ray              Conj           0%         2d4       61%         2
 Hailstorm                Conj/Ice       0%         3d3       83%         3
 Ignite Poison            Fire/Tmut/Pois 0%         N/A       83%         3
 Kindle Blastsparks       Fire/Tloc/Air  0%         2d10      83%         3
 Fulminant Prism          Conj/Hex       0%         3d5       99%         4
 Freezing Cloud           Conj/Ice/Air   0%         6-21      100%        5
 Chain Lightning          Conj/Air       0%         N/A       100%        9
 Fire Storm               Conj/Fire      0%         5d1       100%        9
 Shatter                  Erth           0%         3d5*      100%        9


Dungeon Overview and Level Annotations

Branches:
Dungeon (3/15)

Altars:

Shops:
D:2 *=(


Message History

No target in view!
No target in view!
No target in view!
HP restored.
Things that are here:
a +0 club; a ball python corpse
Found a stone staircase leading down.
You now have 13 gold pieces (gained 9).
A black bear comes into view.
A black bear is nearby!
A black bear is nearby!
The helpless black bear fails to defend itself.
You slash the black bear!
The black bear is heavily wounded.
The black bear bites you. The black bear claws you.
The black bear barely misses you.
You slash the black bear!
The black bear is severely wounded.
The black bear closely misses you. The black bear claws you.
The black bear misses you.
The black bear goes berserk!
You barely miss the black bear.
The black bear is severely wounded.
The black bear bites you! The black bear misses you.
The black bear closely misses you.
You are too injured to fight recklessly!
You are too injured to fight recklessly!
You hit the black bear.
The black bear is severely wounded.
The black bear barely misses you.
The black bear claws you but does no damage.
The black bear completely misses you. The black bear bites you.
The black bear claws you. The black bear closely misses you.
You barely miss the black bear.
The black bear is severely wounded.
The black bear bites you!
* * * LOW HITPOINT WARNING * * *
The black bear completely misses you.
The black bear claws you but does no damage.
The black bear closely misses you. The black bear claws you.
You die...

##............
#.####.#.#.#.#.#.#
#.................
###.####..#.#.#.#.#
.......#...........
...........#.#.#.#
##........#.......
#.......##.#.#.#
....>....@h......
#####.####...#.#.
#. ..#.... #. ..#
### #. ..# ..# #.#
..


You could see a black bear (berserk).

Vanquished Creatures
  2 adders (D:2)
  A dart slug (D:2)
  2 endoplasms
  2 giant cockroaches
  4 goblins
  6 hobgoblins
  4 jackals (D:2)
  5 kobolds
  2 ball pythons
  7 bats
  6 frilled lizards
  7 rats
48 creatures vanquished.

Notes
Turn   | Place    | Note
-------+----------+-------------------------------------------
     0 | D:1      | hikkokomori the Human Gladiator began the quest for the
                  | Orb.
     0 | D:1      | Reached XP level 1. HP: 16/16 MP: 1/1
   100 | D:1      | Reached XP level 2. HP: 22/22 MP: 2/2
   544 | D:1      | Reached XP level 3. HP: 28/28 MP: 3/3
  1070 | D:2      | Found Vudy's Jewellery Boutique.
  1124 | D:2      | Found Tahifan's Weapon Boutique.
  1349 | D:2      | Reached XP level 4. HP: 32/34 MP: 4/4
  1368 | D:2      | Found Suikhled's General Store.
  1411 | D:2      | Bought a potion of curing for 42 gold pieces
  1558 | D:2      | Learned a level 3 spell: Frozen Ramparts
  1653 | D:3      | Noticed a black bear
  1659 | D:3      | HP: 1/35 [black bear (10)]
  1659 | D:3      | Slain by a black bear

Illustrated notes

Levels and vault maps discovered:
D:1:      dpeg_arrival_morbid_curiosity, layout_basic,
          chequers_serial_rivers_micro_b
D:2:      layout_rooms, serial_shops, shop, nicolae_square_shop,
          nicolae_shop_window_shopping, kennysheep_minor_cross,
          minmay_misc_feat_ornament
D:3:      layout_loops_cross, mainiacjoe_overflow_catwalk_spiral, dk_vineyard_2,
          minmay_misc_feat_diagonals, hex_large, kennysheep_generic_room_2,
          uniq_sigmund, uniq_crazy_yiuf_cottage

Skill      XL: |  1  2  3  4 |
---------------+-------------+-----
Fighting       | 3 |  3.0
Long Blades    | |  3.7
Throwing       | |  2.0
Dodging        | |  3.7
Ice Magic      | |  0.1

Action                     |  1- 3 |  4- 6 || total
---------------------------+-------+-------++-------
  Melee: Long sword        |    84 |    44 ||   128
         Punch             |     1 |     2 ||     3
    Use: Scroll            |       |     4 ||     4
   Stab: Sleeping          |     1 |     1 ||     2
 Armour: Leather armour    |    21 |    27 ||    48
  Dodge: Dodged            |    66 |    58 ||   124

Table legend: (Time is in decaauts)
 A = Elapsed time spent in this place.
 B = Non-inter-level travel time spent in this place.
 C = Inter-level travel time spent in this place.
 D = Time resting spent in this place.
 E = Time spent auto-exploring this place.
 F = Levels seen in this place.
 G = Mean time per level.
                   A        B        C        D        E       F      G
               +--------+--------+--------+--------+--------+-----+--------+
         Total |   1688 |   1619 |     69 |      0 |   1292 |   3 |  562.7 |
       Dungeon |   1688 |   1619 |     69 |      0 |   1292 |   3 |  562.7 |
               +--------+--------+--------+--------+--------+-----+--------+

Top non-repeatable levels by time:
     D:1: 1035 daAuts
     D:2: 557 daAuts
     D:3: 96 daAuts
